 Dungeon Crawl Stone Soup version 0.17-a0-1572-g7a1422d (webtiles) character file.

1309 FakerFangirl the Firebug (level 8, -4/64 HPs)
             Began as a Naga Fire Elementalist on July 26, 2015.
             Was a Follower of Sif Muna.
             Slain by dtp's ghost (14 damage)
             ... on level 6 of the Dungeon.
             The game lasted 01:24:49 (5603 turns).

FakerFangirl the Firebug (Naga Fire Elementalist)   Turns: 5603, Time: 01:24:49

Health: -4/64      AC:  4    Str: 11    XL:     8   Next: 58%
Magic:  0/15       EV: 10    Int: 18    God:    Sif Muna [*.....]
Gold:   197        SH:  0    Dex: 11    Spells: 4 memorised, 6 levels left

rFire  . . .     SeeInvis +     w - +1 short sword (flame)
rCold  . . .     Clarity  .     g - +0 robe (curse)
rNeg   . . .     SustAt   .     (no shield)
rPois  +         Gourm    .     (no helmet)
rElec  .         Spirit   .     (no cloak)
rCorr  .         Warding  .     n - +0 pair of gloves
rMut   .         Stasis   .     (no barding)
MR     +....                    y - amulet of regeneration
Stlth  +++.......               (no ring)
                                (no ring)

@: very slow, somewhat resistant to hostile enchantments, fairly stealthy
A: see invisible, deformed body, poison resistance, screaming 2, slowness 2,
slow metabolism 1, spit poison 2, wild magic 1, AC +2
a: Spit Poison, Channel Energy, Renounce Religion


You were on level 6 of the Dungeon.
You worshipped Sif Muna.
Sif Muna was aware of your devotion.
You were not hungry.

You visited 2 branches of the dungeon, and saw 7 of its levels.

You collected 197 gold pieces.

Inventory:

Hand weapons
 w - a +1 short sword of flaming (weapon)
Missiles
 d - 204 stones
 p - 12 poisoned arrows
 s - 2 tomahawks of returning (quivered)
Armour
 a - a +0 robe
 g - a cursed +0 robe (worn)
 h - a +2 chain mail of poison resistance
 k - a +0 robe
 n - a +0 pair of gloves (worn)
 x - a +0 robe
 C - a +0 robe
Jewellery
 y - an amulet of regeneration (around neck)
Magical devices
 r - a wand of lightning (6)
 t - a wand of polymorph (17)
 B - a wand of fire (0)
Scrolls
 e - a scroll of recharging {unknown}
 i - 3 scrolls of remove curse
 j - a scroll of random uselessness {unknown}
 m - 2 scrolls of amnesia {unknown}
 u - a scroll of identify
 v - a scroll of fear {unknown}
Potions
 l - a potion of mutation
 q - a potion of magic {unknown}
 A - a potion of brilliance {unknown}
Books
 b - a book of Flames

   Spells                             Type                      Level
   a - Flame Tongue                   Conjuration/Fire             1
   b - Throw Flame                    Conjuration/Fire             2
   c - Conjure Flame                  Conjuration/Fire             3
   d - Inner Flame                    Hexes/Fire                   3
   e - Sticky Flame                   Conjuration/Fire             4
   f - Fireball                       Conjuration/Fire             5
Comestibles
 c - 5 bread rations


   Skills:
 + Level 1.0 Fighting
 + Level 0.6 Short Blades
 + Level 2.9 Throwing
 + Level 3.0 Dodging
 + Level 5.4 Stealth
 + Level 4.8 Spellcasting
 + Level 4.0 Conjurations
 + Level 6.0 Fire Magic
 + Level 0.2 Evocations


You had 6 spell levels left.
You knew the following spells:

 Your Spells              Type           Power        Failure   Level  Hunger
a - Flame Tongue          Conj/Fire      ####.        5%          1    None
b - Throw Flame           Conj/Fire      ####..       7%          2    #......
c - Conjure Flame         Conj/Fire      ####....     13%         3    ###....
d - Sticky Flame          Conj/Fire      ####....     34%         4    ####...


Dungeon Overview and Level Annotations

Branches:
Dungeon (6/15)             Temple (1/1) D:4

Altars:
Fedhas
Makhleb
Sif Muna
Zin

Annotations:
D:6 dtp's ghost, experienced MiGl


Innate Abilities, Weirdness & Mutations

You cannot wear boots.
Your serpentine skin is tough (AC +2).
You have supernaturally acute eyesight.
Armour fits poorly on your strangely shaped body.
Your system is resistant to poisons.
You cover ground very slowly.
You have a slow metabolism.
You can spit poison.
You sometimes yell uncontrollably at your foes.
Your spells are a little harder to cast, but a little more powerful.


Message History

Read which item? (? for menu, Esc to quit)
As you read the scroll labeled GOPOIM QANKEKH, it crumbles to dust.
It is a scroll of enchant weapon.
Enchant which weapon? (? for menu, Esc to quit)
Your +0 short sword of flaming glows red for a moment.
Dtp's ghost hits you.
* * * LOW HITPOINT WARNING * * *
Read which item? (? for menu, Esc to quit)
As you read the scroll labeled ALAFUQ YGES, it crumbles to dust.
You hear a loud clanging noise!
It was a scroll of noise.
Dtp's ghost barely misses you.
Casting: Flame Tongue
Confirm with . or Enter, or press ? or * to list all spells.
Aiming: Flame Tongue
Press: ? - help, Shift-Dir - straight line, f/p - dtp's ghost
Aim: dtp's ghost (severely damaged)
The flame tongue hits dtp's ghost.
Dtp's ghost appears unharmed.
Dtp's ghost is severely damaged.
Dtp's ghost hits you!
You die...

##.###########
#....W@.[.(..#
#....##.####.#
#.##. .# # #.
.# #. .. ## .#
.. ##


You could see dtp's ghost.

Vanquished Creatures
  The ghost of ryw the Skirmisher, an average DsFi of Makhleb (D:3)
  Eustachio (D:4)
  An orc warrior (D:4)
  A sky beast (D:4)
  A giant frog (D:6)
  A hound (D:4)
  2 giant frog skeletons
  Ijyb (D:3)
  Natasha (D:2)
  7 orc priests
  6 orc wizards
  A worker ant zombie (D:6)
  6 adders
  A shadow imp (D:4)
  3 oozes
  An adder skeleton (D:4)
  3 worms
  19 orcs
  5 bats
  6 giant cockroaches
  17 goblins
  12 hobgoblins
  3 jackals (D:2)
  15 kobolds
  2 quokkas (D:3)
  A ball python (D:5)
  5 giant geckos
  6 giant newts
  A jackal skeleton (D:4)
  A quokka skeleton (D:4)
  16 rats
147 creatures vanquished.

Vanquished Creatures (others)
  A bat skeleton (D:4)
1 creature vanquished.

Grand Total: 148 creatures vanquished

Notes
Turn   | Place    | Note
--------------------------------------------------------------
     0 | D:1      | FakerFangirl the Naga Fire Elementalist began the quest for the Orb.
     0 | D:1      | Reached XP level 1. HP: 15/15 MP: 3/3
    86 | D:1      | Reached XP level 2. HP: 22/22 MP: 3/5
   298 | D:1      | Learned a level 2 spell: Throw Flame
   589 | D:1      | Reached XP level 3. HP: 28/28 MP: 1/6
  1302 | D:2      | Reached XP level 4. HP: 36/36 MP: 4/7
  1364 | D:2      | Reached skill level 1 in Throwing
  1671 | D:2      | Noticed Natasha
  1889 | D:3      | Noticed Ijyb
  1901 | D:3      | Killed Ijyb
  2029 | D:3      | Reached skill level 4 in Fire Magic
  2069 | D:3      | Learned a level 3 spell: Conjure Flame
  2382 | D:3      | Reached XP level 5. HP: 42/42 MP: 0/9
  2826 | D:3      | Noticed ryw's ghost (average DsFi)
  3040 | D:4      | Found a deep blue altar of Sif Muna.
  3041 | D:4      | Found a glowing silver altar of Zin.
  3052 | D:4      | Became a worshipper of Sif Muna the Loreminder
  3206 | D:4      | Reached XP level 6. HP: 49/49 MP: 1/10
  3319 | D:4      | Noticed Eustachio
  3323 | D:4      | Killed Eustachio
  3416 | D:4      | Reached XP level 7. HP: 41/55 MP: 2/12
  3558 | D:4      | Noticed an orc warrior
  3581 | D:4      | Killed an orc warrior
  3581 | D:4      | Reached skill level 5 in Fire Magic
  3712 | D:4      | Reached skill level 5 in Stealth
  4170 | D:2      | Acquired Sif Muna's first power
  4185 | D:2      | Learned a level 4 spell: Sticky Flame
  4231 | D:2      | Killed Natasha
  4489 | D:3      | Gained mutation: Your spells are a little harder to cast, but a little more powerful. [potion of mutation]
  4489 | D:3      | Gained mutation: You occasionally shout uncontrollably at your foes. [potion of mutation]
  4489 | D:3      | Gained mutation: You sometimes yell uncontrollably at your foes. [potion of mutation]
  4493 | D:3      | Killed ryw's ghost
  4493 | D:3      | Reached skill level 1 in Fighting
  4493 | D:3      | Reached XP level 8. HP: 42/64 MP: 5/14
  4544 | D:5      | Entered Level 5 of the Dungeon
  5137 | D:4      | Found a staircase to the Ecumenical Temple.
  5146 | Temple   | Entered the Ecumenical Temple
  5402 | D:6      | Found a blossoming altar of Fedhas.
  5555 | D:6      | Reached skill level 6 in Fire Magic
  5560 | D:6      | Noticed dtp's ghost (experienced MiGl)
  5603 | D:6      | Slain by dtp's ghost

Vault maps used:
D:1:      enne_arrival_octagon_isle
D:2:      uniq_natasha
D:3:      first_bread, uniq_iyjb
D:4:      gammafunk_temple_overflow_statue, lemuel_temple_firewalk_marked,
          guppyfry_early_orc_mine, uniq_eustachio
D:6:      fedhas_altar_3, kennysheep_mini, enter_ossuary_1
Temple:   nicolae_temple_figure_eight

Action                   |  1- 3 |  4- 6 |  7- 9 || total
-------------------------+-------+-------+-------++-------
Melee: Short sword       |     6 |    38 |    43 ||    87
Throw: Stone             |    65 |    68 |    24 ||   157
 Cast: Flame Tongue      |    50 |    50 |    67 ||   167
       Throw Flame       |       |    27 |    45 ||    72
       Conjure Flame     |       |     2 |     8 ||    10
Invok: Channel Energy    |       |       |    10 ||    10
 Abil: Spit Poison       |     8 |    14 |    19 ||    41
Evoke: Wand              |       |     3 |     2 ||     5
  Use: Scroll            |     1 |     2 |     6 ||     9
       Potion            |       |     2 |     3 ||     5
  Eat: Chunk             |     1 |     5 |     2 ||     8
       Bread ration      |       |     1 |     2 ||     3
       Beef jerky        |       |       |     1 ||     1
